 Dungeon Crawl Stone Soup version 0.30-a0-457-g4b7bca3bfa (webtiles) character file.

Game seed: 11548259346290475036

161 Strat the Cudgeller (level 6, -1/51 HPs)
             Began as a Meteoran Reaver on Dec 13, 2022.
             Succumbed to a scorpion's poison
             ... on level 5 of the Dungeon.
             The game lasted 00:05:02 (989 turns).

Strat the Cudgeller (Meteoran Reaver)                Turns: 989, Time: 00:05:03

Health: -1/51      AC:  5    Str: 15    XL:     6   Next: 1%
Magic:  11/11      EV: 12    Int: 15    God:
Gold:   122        SH:  0    Dex: 13    Spells: 7/10 levels left

rFire   . . .      SeeInvis .    a - +0 mace
rCold   . . .      Faith    .    (no shield)
rNeg    . . .      Spirit   .    j - +0 leather armour
rPois   .          Reflect  .    (no helmet)
rElec   .          Harm     .    e - +0 cloak
rCorr   .          Rampage  .    (no gloves)
Will    .....                    g - +0 pair of boots
Stlth   +.........               (no amulet)
HPRegen 0.28/turn                (no ring)
MPRegen 0.12/turn                (no ring)

@: lethally poisoned (-1 -> -10), glowing
A: sense surroundings 1, otherworldly, glowing, explore regen
a: no special abilities


You were on level 5 of the Dungeon.
You visited 1 branch of the dungeon, and saw 5 of its levels.

You collected 122 gold pieces.

Inventory:

Hand Weapons
 a - a +0 mace (weapon)
 b - the +6 shortbow "Ummunnepuf" {elec, rElec Int+6 Dex+7}
   (You found it on level 2 of the Dungeon)

   Any ammunition fired from it occasionally discharges a powerful burst of
   electricity upon striking a foe.
   Int:       It affects your intelligence (+6).
   Dex:       It affects your dexterity (+7).
   rElec:     It insulates you from electricity.
Missiles
 d - 2 curare-tipped darts
Armour
 e - a +0 cloak (worn)
 g - a +0 pair of boots (worn)
 j - a +0 leather armour (worn)
Jewellery
 k - a ring of ice
Scrolls
 h - 4 scrolls of teleportation
Potions
 l - a potion of berserk rage
 m - a potion of haste {unknown}


   Skills:
 + Level 3.2 Fighting
 + Level 6.6 Maces & Flails
 + Level 2.3 Armour
 - Level 2.4 Dodging
 - Level 2.6 Spellcasting
 - Level 3.6 Conjurations


You had 7 spell levels left.
You knew the following spells:

 Your Spells              Type           Power      Damage    Failure   Level
a - Kiss of Death         Conj/Necr      28%        2d7       12%         1
b - Momentum Strike       Conj/Tloc      14%        3d8       19%         2

Your spell library contained the following spells:

 Spells                   Type           Power      Damage    Failure   Level
 Hailstorm                Conj/Ice       7%         3d4       36%         3


Dungeon Overview and Level Annotations

Branches:
Dungeon (5/15) Zot: 1993
 Temple: D:4-7

Altars:

Annotations:
D:3 Natasha
D:5 1 transporter, Ahpoh's ghost, amateur HuGl


Innate Abilities, Weirdness & Mutations

You passively map a small area around you.
You are easily found by Zot.
You glow in the dark.
You regain HP and MP as you explore.


Message History

The orc hits you with a +0 dagger.
* * * LOW HITPOINT WARNING * * *
An orc comes into view. It is wielding a +0 trident.
The hound bites you.
* * * LOW HITPOINT WARNING * * *
You thump the orc!
You kill the orc!
The orc misses you. The hound barely misses you.
An orc comes into view. It is wielding a +0 hand axe.
The hound bites you.
* * * LOW HITPOINT WARNING * * *
Things that are here:
a +0 dagger; a +0 flail; an orc corpse You closely miss the orc.
An orc comes into view. It is wielding a +0 whip.
The orc hits you but does no damage. The orc hits you with a +0 trident.
* * * LOW HITPOINT WARNING * * *
The orc attacks as you move away! The orc hits you but does no damage.
A scorpion, an orc and a howler monkey come into view.
The orc hits you with a +0 trident.
* * * LOW HITPOINT WARNING * * *
The howler monkey hoots and howls with incredible vigour!
The hound bites you.
* * * LOW HITPOINT WARNING * * *
The orc attacks as you move away! The orc closely misses you.
The orc hits you from afar with a +0 trident.
* * * LOW HITPOINT WARNING * * *
The orc attacks as you move away! The orc closely misses you.
The sentinel's mark upon you fades away.
The scorpion stings you but does no damage.
The scorpion closely misses you. The scorpion completely misses you.
You hit the howler monkey but do no damage.
The howler monkey hits you.
* * * LOW HITPOINT WARNING * * *
The orc closely misses you. The scorpion stings you.
* * * LOW HITPOINT WARNING * * *
You are lethally poisoned!
The scorpion poisons you! The howler monkey closely misses you.
You closely miss the howler monkey.
You die...

*** ,,* *,* *,* ### *,*****
######.#####** **** *,,,,,*
#..h@oo#...,,* *,,,
*****,#######.##s#h#.###,* **,**
*,,,,,...........o.h.o.#,* *,,,,
*,***,.........#.###l#...#***,,*,
,,,,,,*####....#.....#.....,,,.#,
,,,,***,©,###..########.**#*##.*,
,,,,*,,,,,,,##..........####..,*,
,,,,*,,,#,#,,#...............,,,,
,,,,*,,.#.#.,#..............,,***


You could see a scorpion, a howler monkey, an iguana, 2 hounds and 3 orcs.

Vanquished Creatures
  3 orc priests (D:3)
  Terence (D:2)
  An adder (D:3)
  A worm (D:2)
  2 orcs
  7 bats
  2 endoplasms
  2 goblins
  3 hobgoblins
  2 jackals (D:2)
  2 kobolds
  3 quokkas
  3 ball pythons
  3 frilled lizards
  2 rats
37 creatures vanquished.

Notes
Turn   | Place    | Note
-------+----------+-------------------------------------------
     0 | D:1      | Strat the Meteoran Reaver began the quest for the Orb.
     0 | D:1      | Reached XP level 1. HP: 17/17 MP: 5/5
     4 | D:1      | Noticed an electric eel
     4 | D:1      | Noticed an electric eel
   135 | D:1      | Reached XP level 2. HP: 22/24 MP: 6/6
   147 | D:1      | Learned a level 2 spell: Momentum Strike
   236 | D:1      | Reached skill level 5 in Maces & Flails
   395 | D:2      | Reached XP level 3. HP: 29/29 MP: 8/8
   462 | D:2      | Noticed Terence
   478 | D:2      | Killed Terence
   496 | D:2      | Reached XP level 4. HP: 30/32 MP: 9/9
   547 | D:2      | Reached skill level 6 in Maces & Flails
   560 | D:2      | Identified the +6 shortbow "Ummunnepuf" {elec, rElec Int+6
                  | Dex+7}
   830 | D:3      | Reached skill level 1 in Armour
   830 | D:3      | Reached XP level 5. HP: 39/42 MP: 10/10
   872 | D:3      | Noticed Natasha
   887 | D:4      | Noticed an ogre
   906 | D:5      | Entered Level 5 of the Dungeon
   910 | D:5      | Reached XP level 6. HP: 50/51 MP: 11/11
   955 | D:5      | Found a transporter.
   958 | D:5      | Noticed Ahpoh's ghost (amateur HuGl)
   988 | D:5      | HP: 2/51 [scorpion (5)]
   989 | D:5      | Succumbed to a scorpion's poison

Illustrated notes

Levels and vault maps discovered:
D:1:      arrival_aquarium_b, layout_basic, minmay_misc_feat_chi,
          minmay_split_cup_small
D:2:      layout_basic, serial_glass, glass_columns_a, glass_columns_b,
          basic_ecumenical_altar, uniq_terence
D:3:      layout_loops_ring, lightli_sewer_entry_pipes, uniq_ijyb, uniq_natasha
D:4:      layout_cave_pools, general_overflow_altar, serial_shops,
          nicolae_stop_n_shop_1, grunt_ministairs_3
D:5:      layout_basic, gammafunk_ghost_stat_death

Skill      XL: |  1  2  3  4  5 |
---------------+----------------+-----
Maces & Flails | 5 6 |  6.6
Armour         | 1 2 |  2.3
Fighting       | 3 |  3.2
Dodging        | |  2.4
Spellcasting   | |  2.6
Conjurations   | |  3.6

Action                   |  1- 3 |  4- 6 || total
-------------------------+-------+-------++-------
Melee: Mace              |    54 |    36 ||    90
       Punch             |     1 |       ||     1
 Fire: Shortbow          |       |    25 ||    25
 Cast: Kiss of Death     |     2 |       ||     2
  Use: Scroll            |       |     5 ||     5
Armor: Leather armour    |    26 |    26 ||    52
Dodge: Dodged            |    33 |    39 ||    72

Table legend: (Time is in decaauts)
 A = Elapsed time spent in this place.
 B = Non-inter-level travel time spent in this place.
 C = Inter-level travel time spent in this place.
 D = Time resting spent in this place.
 E = Time spent auto-exploring this place.
 F = Levels seen in this place.
 G = Mean time per level.
                   A        B        C        D        E       F      G
               +--------+--------+--------+--------+--------+-----+--------+
         Total |   1006 |    972 |     34 |      0 |      0 |   5 |  201.2 |
       Dungeon |   1006 |    972 |     34 |      0 |      0 |   5 |  201.2 |
               +--------+--------+--------+--------+--------+-----+--------+

Top non-repeatable levels by time:
     D:2: 428 daAuts
     D:1: 392 daAuts
     D:5: 83 daAuts
     D:3: 79 daAuts
     D:4: 21 daAuts
